 Dungeon Crawl Stone Soup version 0.31-a0-986-g5e6e4ef867 (webtiles) character file.

Game seed: 17165008785794702416

23 avis the Changeling (level 2, 13/13 HPs)
             Began as a Felid Shapeshifter on Nov 19, 2023.
             Got out of the dungeon alive.
             The game lasted 00:04:02 (726 turns).

avis the Changeling (Felid Shapeshifter)             Turns: 726, Time: 00:04:02

Health: 13/13      AC:  1    Str: 10    XL:     2   Next: 72%
Magic:  3/3        EV: 18    Int: 11    God:
Gold:   44         SH:  0    Dex: 15    Spells: 1/1 levels left
                                        Lives:  0   Deaths: 1

rFire   . .          .
                       - Unarmed
rCold   . . .        (shield unavailable)
rNeg    . . .        (body armour unavailable)
rPois   .            (helmet unavailable)
rElec   .            (cloak unavailable)
rCorr   .            (gloves unavailable)
SInv    +            (boots unavailable)
Will    .....        (no amulet)
Stlth   +            (no ring)
HPRegen 0.22/turn    (no ring)
MPRegen 0.08/turn

%: no passive effects
@: beast-form, quick
A: beast (slay +2), very small, claws 1, fangs 3, see invisible, speed 1, shaggy
fur 1, stealthy paws, no weapons or thrown items, no armour, multi-lived
a: Begin Untransformation


You escaped.
You were a hulking beast.
You visited 1 branch of the dungeon, and saw 2 of its levels.

You collected 44 gold pieces.

Inventory:

Talismans
 b - a beast talisman
 c - a flux talisman
Scrolls
 d - a scroll of blinking {unknown}
 f - a scroll of teleportation {unknown}
 j - a scroll of identify {unknown}
Potions
 a - a potion of lignification
 e - a potion of curing {unknown}
 g - a potion of resistance {unknown}
 h - a potion of enlightenment {unknown}
 i - 2 potions of attraction {unknown}


   Skills:
 - Level 2.0 Fighting
 * Level 3.4 Dodging
 - Level 3.0 Unarmed Combat
 - Level 3.5 Shapeshifting


You had one spell level left.
You didn't know any spells.
Your spell library was empty.

Dungeon Overview and Level Annotations

Branches:
Dungeon (2/15)

Altars:

Annotations:
D:1 Jessica


Innate Abilities, Weirdness & Mutations

You are a hulking beast.
Your limbs bulge with bestial killing power. (Slay +2)
You have sharp claws.
You have razor-sharp teeth.
You have supernaturally acute eyesight. (SInv)
You cover ground quickly. (Speed+)
You are covered in fur. (AC +1)
Your paws help you pounce on unaware monsters.
You are incapable of wielding weapons or throwing items.
You cannot wear armour.
You gain extra lives every three experience levels.


Message History

You resist with some effort.
The frilled lizard attacks as it pursues you!
The frilled lizard closely misses you. The giant cockroach misses you.
Jessica closely misses you. Jessica attacks as she pursues you!
Jessica hits you with a +0 club.
Jessica gestures wildly while chanting.
Jessica blinks!
The frilled lizard completely misses you.
You barely miss the frilled lizard. You bite the frilled lizard.
You kill the frilled lizard!
You barely miss the giant cockroach. The giant cockroach closely misses you.
The giant cockroach barely misses you.
You scratch the giant cockroach.
The giant cockroach is almost dead.
The giant cockroach bites you.
The giant cockroach completely misses you.
The giant cockroach attacks as it pursues you!
The giant cockroach bites you.
The giant cockroach attacks as it pursues you!
The giant cockroach completely misses you.
Jessica casts a spell.
Jessica blinks!
The giant cockroach closely misses you.
Jessica points at you and mumbles some strange words.
You feel as though you will be slow longer.
Unknown command.
The giant cockroach misses you. Jessica misses you.
The giant cockroach attacks as it pursues you!
The giant cockroach bites you. Jessica gestures at you while chanting.
Pain shoots through your body!
Ouch! That really hurt!
You die...
Your shape twists and changes as you die.
Jessica barely misses you. The giant cockroach misses you.
You rejoin the land of the living...
You see here a frilled lizard corpse.
You see here a +0 dagger.
There is a staircase leading out of the dungeon here.
Alright, then stay!
You have escaped!

#......>.#
########.###
#...# ###.##
#..# ##.####
#....#
♣♣♣♣♣.♣♣♣
♣......h♣


♣.PPPPP.♣ ♣.P~~~P.♣ ♣.P≈8~P.♣ ♣.P~~~P.♣ ♣.PPPPP.♣ ♣.......♣ ♣♣♣♣♣♣♣♣♣ There were
no monsters in sight!

Vanquished Creatures
  A bat (D:1)
  3 endoplasms (D:1)
  2 giant cockroaches (D:1)
  3 goblins (D:1)
  A hobgoblin (D:1)
  2 jackals (D:1)
  A quokka (D:1)
  A ball python (D:1)
  A frilled lizard (D:1)
  5 rats (D:1)
20 creatures vanquished.

Notes
Turn   | Place    | Note
-------+----------+-------------------------------------------
     0 | D:1      | avis the Felid Shapeshifter began the quest for the Orb.
     0 | D:1      | Reached XP level 1. HP: 9/9 MP: 2/2
   216 | D:1      | Reached XP level 2. HP: 12/12 MP: 3/3
   636 | D:2      | Noticed Jessica
   663 | D:1      | Killed from afar by Jessica
   726 | D:$      | Got out of the dungeon alive.

Illustrated notes

Levels and vault maps discovered:
D:1:      tarquinn_simple_flora_water_a, layout_loops_cross
D:2:      layout_basic, basic_altar, basic_ecumenical_altar,
          chequers_mini_garden, uniq_jessica, uniq_natasha

Skill      XL: |  1  2 |
---------------+-------+-----
Dodging        | 3 |  3.4
Fighting       | 2 |  2.0
Unarmed Combat | |  3.0
Shapeshifting  | |  3.5

Action                     || total
---------------------------++-------
  Melee: Unarmed           ||    39
         Bite              ||     3
   Stab: Sleeping          ||     4
 Armour: Skin              ||    13
  Dodge: Dodged            ||    35

Table legend: (Time is in decaauts)
 A = Elapsed time spent in this place.
 B = Non-inter-level travel time spent in this place.
 C = Inter-level travel time spent in this place.
 D = Time resting spent in this place.
 E = Time spent auto-exploring this place.
 F = Levels seen in this place.
 G = Mean time per level.
                   A        B        C        D        E       F      G
               +--------+--------+--------+--------+--------+-----+--------+
         Total |    613 |    543 |     70 |     61 |    338 |   2 |  306.5 |
       Dungeon |    613 |    543 |     70 |     61 |    338 |   2 |  306.5 |
               +--------+--------+--------+--------+--------+-----+--------+

Top non-repeatable levels by time:
     D:1: 603 daAuts
     D:2: 9 daAuts
